AoeStats
← F1re

Yucatan

510410366Analyzed
2v2 RM · 1d ago on Sep 30, 2026· 27m 29s· 4 players
Game mode
Random Map
Map size
Medium (4 player)
Population
200
Speed
Normal
Resources
Standard
Victory
Conquest
Starting age
Dark Age
Ending age
Imperial Age
RankedLock teamsTeams togetherTeam positionsShared explorationLock speedFull tech treeHidden civsTurbo modeCheats
Victory
Defeat
🇮🇸 Aztecs · Iceland
928
+15
🇺🇸 Malay · United States
852
+18
🇹🇷 Bulgarians · Türkiye
985
-20
🇺🇸 Spanish · United States
804
-13
67676767676767676767676767676767
0:27 Loom
13:06 Feudal Age
16:51 Castle Age
15:33 Forging
15:16 Arson
16:46 Squires
17:23 Iron Casting
F1re
0:52 Loom
9:39 Feudal Age
15:04 Fletching
16:02 Padded Archer Armor
17:31 Forging
21:13 Castle Age
21:35 Pikeman
22:38 Crossbowman
23:20 Bodkin Arrow
Hz.Jesus
11:48 Feudal Age
17:45 Double-Bit Axe
20:10 Castle Age
18:49 Forging
20:16 Light Cavalry
21:08 Bloodlines
Dio Brando
8:13 Loom
11:24 Feudal Age
18:05 Castle Age
16:37 Forging
16:55 Scale Mail Armor
18:31 Bloodlines
23:24 Scale Barding Armor
25:20 Horse Collar
25:33 Double-Bit Axe
26:39 Padded Archer Armor
Connection lost

Rejoining the realm…

Still unreachable

The connection could not be restored.

Session expired

The server has moved on; the page needs a fresh start.